 Dungeon Crawl Stone Soup version 0.29.1-15-g9cfb28693d (webtiles) character file.

Game seed: 4062819559041836684

886 promet the Magician (level 7, -6/40 HPs)
             Began as a Deep Elf Hedge Wizard on Mar 10, 2023.
             Was a Follower of Vehumet.
             Mangled by a killer bee (8 damage)
             ... on level 5 of the Dungeon.
             The game lasted 00:46:13 (8563 turns).

promet the Magician (Deep Elf Hedge Wizard)         Turns: 8563, Time: 00:46:13

Health: -6/40      AC:  2    Str:  7    XL:     7   Next: 77%
Magic:  19/20      EV: 18    Int: 21    God:    Vehumet [*.....]
Gold:   242        SH:  0    Dex: 20    Spells: 12/21 levels left

rFire   . . .      SeeInvis .   w - +1 quarterstaff (vorpal)
rCold   . . .      Faith    .   (shield currently unavailable)
rNeg    . . .      Spirit   .   q - +0 robe of Diumysur {rElec rPois Will+}
rPois   +          Reflect  .   c - +0 hat
rElec   +          Harm     .   t - scarf {shadows}
rCorr   .          Rampage  .   (no gloves)
Will    +....                   (no boots)
Stlth   +++.......              (no amulet)
HPRegen 0.13/turn               m - +4 ring of evasion
MPRegen 0.17/turn               k - +6 ring of dexterity

@: lethally poisoned (-6 -> -9)
A: no striking features
a: Renounce Religion


You were on level 5 of the Dungeon.
You worshipped Vehumet.
Vehumet was aware of your devotion.
You visited 1 branch of the dungeon, and saw 5 of its levels.

You collected 242 gold pieces.

Inventory:

Hand Weapons
 a - a +0 glaive of protection
 h - a +0 dagger
 o - a +1 short sword of flaming
 w - a +1 vorpal quarterstaff (weapon)
 z - a +2 dagger of holy wrath
Missiles
 i - 2 poisoned darts (quivered)
 y - 22 stones
Armour
 c - a +0 hat (worn)
 q - the +0 robe of Diumysur (worn) {rElec rPois Will+}
   (You found it on level 3 of the Dungeon)

   rElec:     It insulates you from electricity.
   rPois:     It protects you from poison.
   Will:      It increases your willpower.
 t - a scarf of shadows (worn)
Jewellery
 k - a +6 ring of dexterity (right hand)
 m - a +4 ring of evasion (left hand)
 n - a ring of willpower
 p - a ring of protection from cold
 v - a ring of willpower
Wands
 u - a wand of flame (9)
 x - a wand of paralysis (14)
Scrolls
 l - a scroll of magic mapping
 r - a scroll of poison
 B - 2 scrolls of amnesia
Potions
 b - 3 potions of haste
 d - a potion of magic
 f - a potion of ambrosia {unknown}
 j - 2 potions of lignification
 s - a potion of berserk rage {unknown}
 A - a potion of flight


   Skills:
 * Level 2.4 Fighting
 + Level 0.5 Short Blades
 * Level 3.1 Polearms
 + Level 0.2 Throwing
 + Level 3.3 Dodging
 + Level 4.2 Stealth
 + Level 7.5 Spellcasting
 + Level 2.0 Conjurations
 + Level 0.2 Hexes
 + Level 2.9 Summonings
 + Level 1.5 Translocations
 + Level 0.4 Transmutations
 + Level 0.2 Fire Magic
 + Level 0.4 Earth Magic
 + Level 0.3 Evocations


You had 12 spell levels left.
You knew the following spells:

 Your Spells              Type           Power      Damage    Failure   Level
a - Magic Dart            Conj           64%        1d6       3%          1
b - Slow                  Hex            32%        N/A       8%          1
c - Blink                 Tloc           28%        N/A       7%          2
d - Call Imp              Summ           20%        N/A       3%          2
e - Passwall              Tmut/Erth      7%         N/A       11%         2
f - Foxfire               Conj/Fire      48%        2x1d6     5%          1

Your spell library contained the following spells:

 Spells                   Type           Power      Damage    Failure   Level
 Sandblast                Erth           18%        2d7       7%          1
 Conjure Flame            Conj/Fire      12%        6-21      16%         3
 Stone Arrow              Conj/Erth      26%        3d8       16%         3
 Mephitic Cloud           Conj/Pois/Air  10%        N/A       19%         3
 Ignite Poison            Fire/Tmut/Pois 8%         N/A       22%         3
 Sticky Flame             Conj/Fire      12%        2d4       45%         4


Dungeon Overview and Level Annotations

Branches:
Dungeon (5/15)
 Temple: D:4-7

Altars:
Elyvilon
Gozag
Vehumet

Shops:
D:3 =

Annotations:
D:3 Edmund
D:4 Sigmund


Message History

The killer bee completely misses you.
You sock the killer bee!
The killer bee is heavily wounded.
The killer bee barely misses you. x2
You hit the killer bee but do no damage.
The killer bee is heavily wounded.
The killer bee stings you! The killer bee stings you.
The killer bee stings you!
* * * LOW HITPOINT WARNING * * *
You feel much better. The killer bee misses you.
The killer bee completely misses you.
Casting: Magic Dart (safe; 3% risk of failure)
Confirm with . or Enter, or press ? or * to list all spells.
A beastly little devil appears in a puff of frigid air.
The killer bee stings you!
You are poisoned.
The killer bee poisons you! The killer bee misses you.
The killer bee attacks as you move away!
The killer bee barely misses you.
You feel very sick. The killer bee completely misses you.
Your white imp hits the killer bee.
Your white imp freezes the killer bee.
You miss the killer bee.
The killer bee is almost dead.
You feel sick. The killer bee stings you!
* * * LOW HITPOINT WARNING * * *
The killer bee barely misses you.
Your white imp barely misses the killer bee.
You closely miss the killer bee.
The killer bee is almost dead.
You feel sick. The killer bee stings you.
* * * LOW HITPOINT WARNING * * *
The killer bee closely misses you.
Your white imp closely misses the killer bee.
Okay, then.
You barely miss the killer bee.
The killer bee is almost dead.
* * * LOW HITPOINT WARNING * * *
You feel sick. The killer bee closely misses you. The killer bee stings you!
You die...

..###..#
#.#########.....#
#..##..# #.# #..<..#
##..#..#######.# #.....#
..........##...# #.....#
######.......#### #.....#
#
##..#......##############
# #.....###........#### #
#...#....5y#####..?.# #
##..######@..######.# #
#.[########........# #
#..............#####
#####.....########..#
####.....##..# ##..#
.........###.... ...#
###..##### ##...# .### #
#.## #... ## ##... ...


You could see a killer bee (ally target) and a friendly white imp (summoned).

Vanquished Creatures
  Grinder (D:4)
  Eustachio (D:4)
  4 killer bees
  2 iguanas (D:5)
  An orc wizard (D:5)
  4 adders
  A worm (D:3)
  2 dart slugs
  10 orcs
  3 ball pythons
  3 endoplasms
  3 giant cockroaches
  5 goblins
  6 hobgoblins
  6 kobolds
  A quokka (D:2)
  A frilled lizard (D:1)
  4 rats
58 creatures vanquished.

Vanquished Creatures (collateral kills)
  An ogre (D:4)
  A killer bee (D:5)
  A hound (D:5)
  3 adders
  A worm (D:3)
  2 dart slugs
  7 orcs
  An endoplasm (D:4)
  A giant cockroach (D:3)
  4 goblins
  2 kobolds
  A quokka (D:5)
  A ball python (D:2)
26 creatures vanquished.

Vanquished Creatures (others)
  27 foxfires
  A plant (D:2)
28 creatures vanquished.

Grand Total: 112 creatures vanquished

Notes
Turn   | Place    | Note
-------+----------+-------------------------------------------
     0 | D:1      | promet the Deep Elf Hedge Wizard began the quest for the
                  | Orb.
     0 | D:1      | Reached XP level 1. HP: 10/10 MP: 7/7
   910 | D:1      | Reached skill level 5 in Spellcasting
   910 | D:1      | Reached XP level 2. HP: 12/15 MP: 10/10
  1325 | D:1      | Learned a level 1 spell: Slow
  1328 | D:1      | Learned a level 2 spell: Blink
  1331 | D:1      | Learned a level 2 spell: Call Imp
  1453 | D:2      | Found a radiant altar of Vehumet.
  1504 | D:2      | Became a worshipper of Vehumet
  2559 | D:2      | Reached XP level 3. HP: 19/19 MP: 12/12
  2909 | D:3      | Found Nih Osol's Jewellery Shoppe.
  3565 | D:3      | Found a faded altar of an unknown god.
  3574 | D:3      | Identified the +0 robe of Diumysur {rElec rPois Will+}
  3796 | D:3      | HP: 1/20 [adder (2)]
  4262 | D:3      | Reached XP level 4. HP: 20/24 MP: 11/13
  4312 | D:3      | Learned a level 2 spell: Passwall
  4593 | D:4      | Reached skill level 1 in Polearms
  4608 | D:4      | Noticed Grinder
  4641 | D:4      | HP: 1/24 [Grinder (5)]
  4642 | D:4      | Killed Grinder
  4643 | D:4      | Reached skill level 1 in Fighting
  4643 | D:4      | Reached skill level 6 in Spellcasting
  4643 | D:4      | Reached XP level 5. HP: 1/29 MP: 7/15
  4643 | D:4      | Reached XP level 6. HP: 1/34 MP: 7/17
  5427 | D:4      | Noticed Eustachio
  5820 | D:4      | Killed Eustachio
  5820 | D:4      | Reached * piety under Vehumet
  5820 | D:4      | Offered knowledge of Foxfire by Vehumet.
  5860 | D:4      | Reached XP level 7. HP: 39/39 MP: 19/19
  5862 | D:4      | Learned a level 1 spell: Foxfire
  5865 | D:4      | Noticed Edmund
  6173 | D:4      | Found a white marble altar of Elyvilon.
  6175 | D:4      | Found an opulent altar of Gozag.
  6225 | D:4      | Noticed Sigmund
  6715 | D:5      | Entered Level 5 of the Dungeon
  7626 | D:5      | Reached skill level 7 in Spellcasting
  7663 | D:5      | HP: 2/40 [killer bee (5)]
  8563 | D:5      | HP: 2/40 [poisoned by a killer bee]
  8563 | D:5      | Mangled by a killer bee

Illustrated notes

Levels and vault maps discovered:
D:1:      pf_arrival_petrified_forest, layout_basic
D:2:      layout_loops_corners, basic_altar, minmay_liquid_box,
          guppyfry_early_lair_pool
D:3:      layout_rooms, shapermc_ecumenical_altar_venn, serial_curves,
          eino_curves_03, eino_curves_04, serial_shops,
          nicolae_shop_window_shopping
D:4:      cheibrodos_helix_gallery, layout_rooms,
          gammafunk_temple_overflow_statue, dreamdust_princess_bridge,
          uniq_eustachio, uniq_edmund, uniq_sigmund, uniq_grinder
D:5:      layout_rooms

Skill      XL: |  1  2  3  4  5  6  7 |
---------------+----------------------+-----
Spellcasting   | 5 6 7 |  7.5
Polearms       | 2 3 |  3.1
Fighting       | 1 2 |  2.4
Stealth        | 3 4 |  4.2
Summonings     | 2 |  2.9
Dodging        | 3 |  3.3
Conjurations   | 2 |  2.0
Short Blades   | |  0.5
Throwing       | |  0.2
Hexes          | |  0.2
Translocations | |  1.5
Transmutations | |  0.4
Fire Magic     | |  0.2
Earth Magic    | |  0.4
Evocations     | |  0.3

Action                   |  1- 3 |  4- 6 |  7- 9 || total
-------------------------+-------+-------+-------++-------
Melee: Short sword       |    30 |       |       ||    30
       Punch             |     1 |       |       ||     1
       Glaive            |    15 |    31 |    81 ||   127
       Quarterstaff      |       |       |     5 ||     5
       Dagger            |       |       |     2 ||     2
Throw: Dart              |       |     4 |     2 ||     6
 Cast: Magic Dart        |    45 |    17 |     8 ||    70
       Call Imp          |    11 |    11 |    25 ||    47
       Slow              |     5 |     1 |     2 ||     8
       Blink             |     2 |       |       ||     2
       Passwall          |       |     2 |       ||     2
       Foxfire           |       |       |    16 ||    16
Evoke: Wand              |       |     8 |     1 ||     9
  Use: Scroll            |     8 |       |     6 ||    14
       Potion            |       |       |     5 ||     5
 Stab: Sleeping          |     2 |     2 |     2 ||     6
       Distracted        |       |       |     1 ||     1
Armor: Robe              |     4 |     4 |    15 ||    23
Dodge: Dodged            |    33 |    26 |   158 ||   217
